 Dungeon Crawl Stone Soup version 0.30-a0-121-gb27577e5d9 (webtiles) character file.

Game seed: 10504033881007323209

49 KittyKat the Grave Robber (level 3, -8/24 HPs)
             Began as a Demonspawn Necromancer on Sept 14, 2022.
             Killed by divine providence
             ... invoked by an orc priest
              (17 damage)
             ... on level 2 of the Dungeon.
             The game lasted 00:03:07 (1257 turns).

KittyKat the Grave Robber (Demonspawn Necromancer)  Turns: 1257, Time: 00:03:07

Health: -8/24      AC:  2    Str:  8    XL:     3   Next: 53%
Magic:  2/6        EV: 12    Int: 18    God:
Gold:   59         SH:  0    Dex: 13    Spells: 6/7 levels left

rFire   . . .      SeeInvis .    p - staff of death
rCold   . . .      Faith    .    (no shield)
rNeg    + . .      Spirit   .    a - +0 robe
rPois   .          Reflect  .    (no helmet)
rElec   .          Harm     .    (no cloak)
rCorr   .          Rampage  .    (no gloves)
Will    .....                    (no boots)
Stlth   ++........               (no amulet)
HPRegen 0.08/turn                (no ring)
MPRegen 0.20/turn                (no ring)

@: no status effects
A: magic regeneration
a: no special abilities


You were on level 2 of the Dungeon.
You visited 1 branch of the dungeon, and saw 2 of its levels.

You collected 59 gold pieces.

Inventory:

Hand Weapons
 h - a +0 dagger
Armour
 a - a +0 robe (worn)
Magical Staves
 p - a staff of death (weapon)
Jewellery
 c - a ring of protection from fire
 o - an amulet of regeneration
 q - a ring of magical power
Scrolls
 d - a scroll of brand weapon {unknown}
 e - a scroll of blinking {unknown}
 f - a scroll of poison {unknown}
 g - a scroll of fear {unknown}
 k - a scroll of noise {unknown}
 l - a scroll of summoning {unknown}
 m - 2 scrolls of magic mapping {unknown}
 n - a scroll of amnesia {unknown}
Potions
 b - a potion of magic
 i - a potion of berserk rage {unknown}
 j - a potion of might {unknown}


   Skills:
 + Level 0.2 Short Blades
 - Level 1.7 Dodging
 - Level 1.7 Stealth
 + Level 2.6 Spellcasting
 - Level 5.3 Necromancy


You had 6 spell levels left.
You knew the following spells:

 Your Spells              Type           Power      Damage    Failure   Level
a - Necrotise             Necr           100%       1d9       1%          1

Your spell library contained the following spells:

 Spells                   Type           Power      Damage    Failure   Level
 Vampiric Draining        Necr           32%        2d8       5%          3
 Animate Dead             Necr           32%        N/A       19%         4
 Agony                    Necr           32%        N/A       45%         5


Dungeon Overview and Level Annotations

Branches:
Dungeon (2/15)

Altars:


Innate Abilities, Weirdness & Mutations

You regenerate magic rapidly.


Message History

Casting: Necrotise (safe; 1% risk of failure)
Confirm with . or Enter, or press ? or * to list all spells.
Aiming: Necrotise (safe; 1% risk of failure)
Press: ? - help, Shift-Dir - straight line, f - orc
Aim: an orc, wielding a +0 club and wearing a +0 ring mail (chance to affect: 93%)
You feel a surge of power!
The orc writhes in agony.
An orc priest comes into view. It is wielding a +0 flail.
Casting: Necrotise (safe; 1% risk of failure)
Confirm with . or Enter, or press ? or * to list all spells.
Aiming: Necrotise (safe; 1% risk of failure)
Press: ? - help, Shift-Dir - straight line, f/p - orc
Aim: an orc, wielding a +0 club and wearing a +0 ring mail (severely wounded, chance to affect: 93%)
You feel a surge of power!
The orc writhes in agony.
You kill the orc!
The dead are walking!
An orc comes into view. It is wielding a +0 hand axe.
The orc priest calls down the wrath of Beogh upon you.
Beogh smites you!
The orc shouts!
Casting: Necrotise (safe; 1% risk of failure)
Confirm with . or Enter, or press ? or * to list all spells.
Aiming: Necrotise (safe; 1% risk of failure)
Press: ? - help, Shift-Dir - straight line, f - orc priest
Aim: an orc priest, wielding a +0 flail and wearing a +0 leather armour (chance to affect: 83%)
You feel a surge of power!
The orc priest writhes in agony.
The orc priest calls down the wrath of Beogh upon you.
Pain shoots through your body!
Casting: Necrotise (safe; 1% risk of failure)
Confirm with . or Enter, or press ? or * to list all spells.
Aiming: Necrotise (safe; 1% risk of failure)
Press: ? - help, Shift-Dir - straight line, f/p - orc priest
Aim: an orc priest, wielding a +0 flail and wearing a +0 leather armour (heavily wounded, ally target, chance to affect: 83%)
You feel a surge of power!
The orc priest writhes in agony.
The orc priest calls down the wrath of Beogh upon you.
Pain shoots through your body!
An orc priest comes into view. It is wielding a +0 hand axe.
The orc priest calls down the wrath of Beogh upon you.
Beogh smites you!
Ouch! That really hurt!
You die...

## ##...##### #.#
....oo)o.# #.. ...
##...###.# #.# #.#
#.. #.# #.# #.# #
#.# #.# #.## #.#
#.# #†##.#### #@#
#.# #.##.....
#>####.###.#####..
#..........####...
######..........#.
##########... ####


You could see an orc priest.

Vanquished Creatures
  An adder (D:2)
  2 dart slugs
  2 orcs (D:2)
  2 bats (D:1)
  An endoplasm (D:2)
  A giant cockroach (D:2)
  4 goblins
  4 hobgoblins
  A jackal (D:1)
  6 kobolds
  A quokka (D:1)
  2 frilled lizards (D:1)
  4 rats
31 creatures vanquished.

Vanquished Creatures (collateral kills)
  A jackal (D:1)
  A frilled lizard (D:1)
2 creatures vanquished.

Grand Total: 33 creatures vanquished

Notes
Turn   | Place    | Note
-------+----------+-------------------------------------------
     0 | D:1      | KittyKat the Demonspawn Necromancer began the quest for the
                  | Orb.
     0 | D:1      | Reached XP level 1. HP: 13/13 MP: 3/3
   259 | D:1      | Gained mutation: You regenerate magic rapidly. [demonic
                  | ancestry]
   259 | D:1      | Reached XP level 2. HP: 19/19 MP: 3/5
   513 | D:1      | Reached skill level 5 in Necromancy
   962 | D:2      | Reached XP level 3. HP: 24/24 MP: 4/6
  1257 | D:2      | Killed from afar by an orc priest

Illustrated notes

Levels and vault maps discovered:
D:1:      dpeg_arrival_simpleton_a, layout_basic
D:2:      wander_river, layout_loops_ring, uniq_crazy_yiuf_cottage, uniq_jessica

Skill      XL: |  1  2 |
---------------+-------+-----
Necromancy     | 5 |  5.3
Short Blades   | |  0.2
Dodging        | |  1.7
Stealth        | |  1.7
Spellcasting   | |  2.6

Action                   || total
-------------------------++-------
Melee: Staff             ||     5
 Cast: Necrotise         ||    46
Armor: Robe              ||     3
Dodge: Dodged            ||     5

Table legend: (Time is in decaauts)
 A = Elapsed time spent in this place.
 B = Non-inter-level travel time spent in this place.
 C = Inter-level travel time spent in this place.
 D = Time resting spent in this place.
 E = Time spent auto-exploring this place.
 F = Levels seen in this place.
 G = Mean time per level.
                   A        B        C        D        E       F      G
               +--------+--------+--------+--------+--------+-----+--------+
         Total |   1271 |   1271 |      0 |      0 |    972 |   2 |  635.5 |
       Dungeon |   1271 |   1271 |      0 |      0 |    972 |   2 |  635.5 |
               +--------+--------+--------+--------+--------+-----+--------+

Top non-repeatable levels by time:
     D:1: 806 daAuts
     D:2: 465 daAuts
